 Dungeon Crawl Stone Soup version 0.30.0-29-ga12c61a403 (webtiles) character file.

Game seed: 14178880130048373756

2 ChadusMaximus the Caller (level 1, -2/13 HPs)
             Began as a Barachi Summoner on June 23, 2023.
             Slain by a hobgoblin (5 damage)
             ... on level 1 of the Dungeon.
             The game lasted 00:00:16 (121 turns).

ChadusMaximus the Caller (Barachi Summoner)          Turns: 121, Time: 00:00:16

Health: -2/13      AC:  2    Str:  9    XL:     1   Next: 40%
Magic:  0/3        EV: 12    Int: 15    God:
Gold:   4          SH:  0    Dex: 12    Spells: 3/4 levels left

rFire   . . .        (no weapon)
rCold   . . .        (no shield)
rNeg    . . .        a - +0 robe
rPois   .            (no helmet)
rElec   .            (no cloak)
rCorr   .            (no gloves)
SInv    .            (no boots)
Will    .....        (no amulet)
Stlth   ++           (no ring)
HPRegen 0.22/turn    (no ring)
MPRegen 0.08/turn

%: no passive effects
@: very slightly contaminated, slow
A: amphibious, slowness 1, strong legs 1, +LOS
a: Hop


You were on level 1 of the Dungeon.
You visited 1 branch of the dungeon, and saw 1 of its levels.

You collected 4 gold pieces.

Inventory:

Armour
 a - a +0 robe (worn)
Scrolls
 c - a scroll of amnesia {unknown}
Potions
 b - a potion of magic
 d - 2 potions of ambrosia {unknown}


   Skills:
 + Level 2.2 Dodging
 + Level 1.8 Stealth
 + Level 2.2 Spellcasting
 + Level 4.8 Summonings


You had 3 spell levels left.
You knew the following spells:

 Your Spells              Type           Power      Damage    Failure   Level
a - Summon Small Mammal   Summ           64%        N/A       3%          1

Your spell library contained the following spells:

 Spells                   Type           Power      Damage    Failure   Level
 Call Imp                 Summ           32%        N/A       4%          2
 Call Canine Familiar     Summ           16%        N/A       9%          3
 Summon Guardian Golem    Hex/Summ       9%         N/A       24%         3
 Summon Lightning Spire   Summ/Air       9%         N/A       61%         4


Dungeon Overview and Level Annotations

Branches:
Dungeon (1/15)

Altars:


Innate Abilities, Weirdness & Mutations

You are amphibious.
You cover ground slowly.
You can hop short distances.
You have an extended range of vision and can be seen from far away.


Message History

The ball python dies!
The hobgoblin misses your rat.
Your rat bites the hobgoblin but does no damage.
A jackal comes into view.
There are no items here.
The quokka closely misses your quokka.
Your quokka bites the quokka.
The jackal misses your quokka. The hobgoblin hits your rat.
Your rat dies!
Your rat's corpse disappears in a puff of smoke!
The quokka closely misses your quokka.
Casting: Summon Small Mammal (safe; 3% risk of failure)
Confirm with . or Enter, or press ? or * to list all spells.
You miscast Summon Small Mammal.
You are very lightly contaminated with residual magic.
Nothing appears to happen.
The hobgoblin shouts!
You hear a bark!
Your quokka bites the quokka but does no damage.
The jackal completely misses your quokka.
The quokka barely misses your quokka.
Your quokka closely misses the quokka.
You hit the hobgoblin.
The hobgoblin is moderately wounded.
The jackal completely misses your quokka.
The quokka bites your quokka.
Your quokka dies!
Your quokka's corpse disappears in a puff of smoke!
The hobgoblin hits you.
You closely miss the hobgoblin.
The hobgoblin is moderately wounded.
The quokka twitches its whiskers.
The hobgoblin completely misses you.
You barely miss the hobgoblin.
The hobgoblin is moderately wounded.
The jackal closely misses you. The hobgoblin closely misses you.
The jackal bites you.
You hit the hobgoblin.
The hobgoblin is heavily wounded.
The jackal bites you.
* * * LOW HITPOINT WARNING * * *
The hobgoblin hits you.
You die...

... ... #.#
##########.#
#........#.# ###
#.######.#.###...###
#.# #...S......>.
#.# ####g##...##
######.# #@# #
.......# #h#
######## #r# # .h.
######## #..
........ ##..
######## .# ######
## ...).#


You could see a quokka, 2 jackals, a hobgoblin and a ball python.

Vanquished Creatures (collateral kills)
  A hobgoblin (D:1)
  A ball python (D:1)
  A kobold (D:1)
3 creatures vanquished.

Notes
Turn   | Place    | Note
-------+----------+-------------------------------------------
     0 | D:1      | ChadusMaximus the Barachi Summoner began the quest for the
                  | Orb.
     0 | D:1      | Reached XP level 1. HP: 13/13 MP: 3/3
   121 | D:1      | Slain by a hobgoblin

Illustrated notes

Levels and vault maps discovered:
D:1:      minmay_arrival_cross, layout_loops_ring, minmay_cut_off

Action                     || total
---------------------------++-------
  Melee: Unarmed           ||    12
         Punch             ||     1
   Cast: Summon Small Mamm ||     4
 Armour: Robe              ||     1
  Dodge: Dodged            ||    13
